 Dungeon Crawl Stone Soup version 0.26-a0-27-g1f0226971c (webtiles) character file.

Game seed: 7535654470339391300, levelgen mode: deterministic

22 MisterFreud the Skirmisher (level 2, -2/21 HPs)
             Began as an Octopode Gladiator on May 27, 2020.
             Slain by Terence
             ... wielding a +0 trident
              (10 damage)
             ... on level 2 of the Dungeon.
             The game lasted 00:00:56 (1296 turns).

MisterFreud the Skirmisher (Octopode Gladiator)     Turns: 1296, Time: 00:00:56

Health: -2/21      AC:  1    Str: 13    XL:     2   Next: 91%
Magic:  2/2        EV: 14    Int: 10    God:
Gold:   31         SH:  0    Dex: 13    Spells: 1/1 levels left

rFire    . . .     SeeInvis .   a - +0 long sword
rCold    . . .     Gourm    .   (no shield)
rNeg     . . .     Faith    .   b - +0 hat
rPois    .         Spirit   .   (no amulet)
rElec    .         Reflect  .   (no ring)
rCorr    .         Harm     .   (no ring)
MR       .....                  (no ring)
Stlth    ++........             (no ring)
HPRegen  0.07/turn              (no ring)
MPRegen  0.08/turn              (no ring)
                                (no ring)
                                (no ring)

@: no status effects
A: almost no armour, stealthy swim, amphibious, 8 rings, constrict 8, camouflage
1, gelatinous body 1
a: no special abilities


You were on level 2 of the Dungeon.
You were not hungry.

You visited 1 branch of the dungeon, and saw 2 of its levels.

You collected 31 gold pieces.

Inventory:

Hand Weapons
 a - a +0 long sword (weapon)
Missiles
 c - 3 throwing nets (quivered)
Armour
 b - a +0 hat (worn)
Scrolls
 e - 6 scrolls of identify {unknown}
 g - a scroll of remove curse {unknown}
 h - a scroll of teleportation {unknown}
 i - a scroll of fog {unknown}
Comestibles
 d - 5 rations


   Skills:
 + Level 3.3 Fighting
 - Level 3.0 Long Blades
 - Level 2.0 Throwing
 - Level 3.0 Dodging


You had one spell level left.
You didn't know any spells.
Your spell library was empty.

Dungeon Overview and Level Annotations

Branches:
Dungeon (2/15)

Altars:

Annotations:
D:2 Terence


Innate Abilities, Weirdness & Mutations

You cannot wear most types of armour.
You are very stealthy in the water. (Stealth+)
You are amphibious.
You can wear up to eight rings at the same time.
You can use your tentacles to constrict eight enemies at once.
Your skin changes colour to match your surroundings (Stealth+).
Your rubbery body absorbs attacks. (AC +1, EV +1)


Message History

You hit Terence.
Terence is lightly wounded.
You constrict Terence, but do no damage.
Terence hits you with a +0 trident!
You hit Terence but do no damage.
Terence is lightly wounded.
You constrict Terence, but do no damage.
Terence misses you.
You riposte.
You hit Terence. You squeeze Terence.
Terence is moderately wounded.
Terence hits you with a +0 trident.
You are too injured to fight recklessly!
You hit Terence.
Terence is moderately wounded.
You constrict Terence, but do no damage.
Terence hits you with a +0 trident.
You hit Terence but do no damage. You squeeze Terence.
Terence is heavily wounded.
You constrict Terence, but do no damage.
Terence hits you with a +0 trident!
You die...

.. #.# .# #.# #.#
.# #.# #.# .# ##.#
#.# #.#
.####..##.# #.#
#.# ...........
... #.#
..#######.# #.#
#.# ..# #.# #@#
#.# ..# #.######@#
#w# ..# #........#
#.#
..#######..#######
#.# ............#
#.# #.#########.#
#.# #.# #.# #.#
#.# #.# #.#####
#.# #.# #.....#
#.# #.# ####...


You could see Terence.

Vanquished Creatures
  A worm (D:2)
  4 bats
  2 goblins (D:1)
  3 hobgoblins (D:1)
  3 kobolds (D:1)
  A frilled lizard (D:1)
  4 rats (D:1)
18 creatures vanquished.

Notes
Turn   | Place    | Note
-------+----------+-------------------------------------------
     0 | D:1      | MisterFreud the Octopode Gladiator began the quest for the
                  | Orb.
     0 | D:1      | Reached XP level 1. HP: 14/14 MP: 1/1
   345 | D:1      | Reached XP level 2. HP: 19/20 MP: 2/2
  1290 | D:2      | Noticed Terence
  1296 | D:2      | Slain by Terence

Illustrated notes

Levels and vault maps discovered:
D:1:      roderic_crop_circles_arrival_small, layout_loops_ring,
          corexii_corridor_pit
D:2:      layout_loops_ring, marbit_many_paths, uniq_terence

Skill      XL: |  1  2 |
---------------+-------+-----
Fighting       | 3 |  3.3
Long Blades    | |  3.0
Throwing       | |  2.0
Dodging        | |  3.0

Action                   || total
-------------------------++-------
Melee: Long sword        ||    32
       Constrict         ||    11
       Tentacles         ||     8
 Stab: Sleeping          ||     6
  Eat: Chunk             ||     1
Armor: Skin              ||     2
Dodge: Dodged            ||    16
       Rpst.: Long sword ||     5

Table legend:
 A = Non-vault XP
 B = Vault XP
 C = Vault XP percentage of total XP
 D = Non-vault monster count
 E = Vault monster count
 F = Vault count percentage of total count
                 A         B        C        D         E       F
            +---------+---------+-------+---------+---------+-------
      Total |      32 |       0 |   0.0 |      18 |       0 |   0.0
            +---------+---------+-------+---------+---------+-------
        D:1 |      24 |       0 |   0.0 |      15 |       0 |   0.0
        D:2 |       8 |       0 |   0.0 |       3 |       0 |   0.0
            +---------+---------+-------+---------+---------+-------
